 Dungeon Crawl Stone Soup version 0.32-a0-933-ga8fa3634e4 (webtiles) character file.

Game seed: 14307791993277042657

24048 Autsider the Frost Mage (level 13, -2/106 HPs)
             Began as a Merfolk Ice Elementalist on Apr 14, 2024.
             Was a High Priest of the Shining One.
             Slain by an entropy weaver (10 damage)
             ... on level 12 of the Dungeon.
             The game lasted 00:43:41 (10604 turns).

Autsider the Frost Mage (Merfolk Ice Elementalist) Turns: 10604, Time: 00:43:42

Health: -2/106     AC:  3    Str: 12    XL:     13   Next: 10%
Magic:  14/20      EV: 18    Int: 20    God:    the Shining One [*****.]
Gold:   1085       SH:  0    Dex: 16    Spells: 15/22 levels left

rFire   + . .        I - +7 hand cannon "Mule" {flame, backblast, rF+}
rCold   + . .        (no shield)
rNeg    + + +        N - +1 robe of Vines {NoPotionHeal Regen++++}
rPois   +            C - +2 hat
rElec   +            Q - +2 cloak {rPois}
rCorr   .            s - +0 pair of gloves
SInv    .            f - +0 pair of boots
Will    ++++.        W - amulet of the acrobat
Stlth   ++           n - ring of the Prince {rElec rC+ Will+++ Str+3 Int-2}
HPRegen 3.57/turn    m - ring of Akauliosch {^Drain rN+ Will+ Int+5}
MPRegen 0.17/turn

%: acrobat
@: ice-armoured, corroded, glowing
A: (nimble swimmer 2), mertail
a: Renounce Religion, Divine Shield, Cleansing Flame, Summon Divine Warrior


You were on level 12 of the Dungeon.
You worshipped the Shining One.
The Shining One was extremely pleased with you.
You visited 2 branches of the dungeon, and saw 14 of its levels.

You collected 1085 gold pieces.

Inventory:

Hand Weapons
 j - a +2 dagger of protection
 q - a +2 dagger of venom
 y - the +6 dagger "Merfolk's Peril" {freeze, rPois rF- Dex+2}
   (You took it off an orc wizard on level 11 of the Dungeon)

   Dex+2:     It affects your dexterity (+2).
   rF-:       It makes you vulnerable to fire.
   rPois:     It protects you from poison.
 B - a +1 trident
 I - the +7 hand cannon "Mule" (weapon) {flame, backblast, rF+}
   (You found it on level 6 of the Dungeon)

   rF+:       It protects you from fire.
Missiles
 V - 4 curare-tipped darts
Armour
 f - a +0 pair of boots (worn)
 o - a +0 helmet
 r - a +0 troll leather armour {Pargi}
 s - a +0 pair of gloves (worn)
 z - a +2 tower shield
 C - a +2 hat (worn)
 K - a +0 ring mail of fire resistance
 N - the +1 robe of Vines (worn) {NoPotionHeal Regen++++}
   (You found it on level 10 of the Dungeon)

   NoPotionHeal: Its wearer cannot be healed by potions.
   Regen++++: It increases your rate of health regeneration.
 Q - a +2 cloak of poison resistance (worn)
Jewellery
 d - a ring of protection from fire
 m - the ring of Akauliosch (right hand) {^Drain rN+ Will+ Int+5}
   (You found it on level 2 of the Dungeon)

   [ring of positive energy]

   Int+5:     It affects your intelligence (+5).
   rN+:       It protects you from negative energy.
   Will+:     It increases your willpower.
   ^Drain:    It drains your maximum health when unequipped.
 n - the ring of the Prince (left hand) {rElec rC+ Will+++ Str+3 Int-2}
   (You acquired it on level 8 of the Dungeon)

   [ring of protection from cold]

   Str+3:     It affects your strength (+3).
   Int-2:     It affects your intelligence (-2).
   rC+:       It protects you from cold.
   rElec:     It insulates you from electricity.
   Will+++:   It greatly increases your willpower.
 E - a +6 ring of intelligence
 S - an amulet of magic regeneration
 W - an amulet of the acrobat (around neck)
Talismans
 g - a storm talisman
Wands
 F - a wand of flame (16)
 H - a wand of charming (10)
 M - a wand of mindburst (9)
 R - a wand of acid (6)
 U - a wand of roots (3)
Scrolls
 e - a scroll of revelation
 h - 4 scrolls of fear
 k - a scroll of poison
 l - 4 scrolls of vulnerability
 t - 2 scrolls of enchant weapon
 u - a scroll of summoning
 x - 3 scrolls of immolation
 D - a scroll of noise
 T - 2 scrolls of enchant armour
Potions
 a - a potion of berserk rage
 b - 2 potions of magic
 c - 3 potions of invisibility
 i - 7 potions of curing {@q1}
 p - a potion of mutation
 v - 9 potions of degeneration
 w - 2 potions of lignification {unknown}
 A - 5 potions of might
 G - 5 potions of haste
 J - 2 potions of resistance
 L - 2 potions of heal wounds
 O - 2 potions of brilliance {unknown}
 P - a potion of cancellation {unknown}


   Skills:
 + Level 11.5 Fighting
 - Level 4.0 Ranged Weapons
 + Level 12.0 Dodging
 - Level 6.0 Stealth
 + Level 5.2 Shields
 - Level 5.0 Spellcasting
 - Level 12.0 Ice Magic
 - Level 10.0 Invocations


You had 15 spell levels left.
You knew the following spells:

 Your Spells              Type           Power      Damage    Failure   Level
a - Freeze                Ice            100%       1d10      1%          1
b - Frozen Ramparts       Ice            100%       1d16      1%          3
c - Ozocubu's Armour      Ice            52%        N/A       1%          3

Your spell library contained the following spells:

 Spells                   Type           Power      Damage    Failure   Level
 Ensorcelled Hibernation  Hex/Ice        58%        N/A       1%          2
 Hailstorm                Conj/Ice       29%        3d8       3%          3
 Summon Ice Beast         Ice/Summ       29%        N/A       3%          3
 Kiss of Death            Conj/Necr      20%        2d7       12%         1
 Sandblast                Erth           10%        2d5       12%         1
 Metabolic Englaciation   Hex/Ice        14%        N/A       26%         5
 Fugue of the Fallen      Necr           5%         N/A       34%         3
 Passwall                 Erth           5%         N/A       34%         3
 Sigil of Binding         Hex            5%         N/A       34%         3
 Stone Arrow              Conj/Erth      10%        3d7       34%         3
 Swiftness                Air            5%         N/A       34%         3
 Anguish                  Hex/Necr       2%         N/A       75%         4
 Animate Armour           Summ/Erth      10%        N/A       75%         4
 Brom's Barrelling Bould  Conj/Erth      5%         2d3       75%         4
 Summon Lightning Spire   Summ/Air       5%         N/A       75%         4
 Sculpt Simulacrum        Ice/Alch       14%        N/A       83%         6
 Fireball                 Conj/Fire      2%         3d4       97%         5
 Iskenderun's Battlesphe  Conj           5%         2d6       97%         5
 Lee's Rapid Deconstruct  Erth           2%         3d5*      97%         5
 Summon Mana Viper        Hex/Summ       5%         N/A       97%         5
 Conjure Ball Lightning   Conj/Air       2%         3x3d6     100%        6
 Death Channel            Necr           2%         N/A       100%        6
 Plasma Beam              Fire/Air       2%         2x1d12    100%        6
 Manifold Assault         Tloc           2%         N/A       100%        7
 Monstrous Menagerie      Summ           2%         N/A       100%        7
 Orb of Destruction       Conj           2%         9d5       100%        7
 Death's Door             Necr           2%         N/A       100%        9


Dungeon Overview and Level Annotations

Branches:
Dungeon (13/15)            Temple (1/1) D:4             Orc (0/2) D:11
   Lair: D:8-11      Vaults: D:13-14

Altars:
Ashenzari
Cheibriados
Dithmenos
Elyvilon
Fedhas
Gozag
Hepliaklqana
Kikubaaqudgha
Makhleb
Nemelex Xobeh
Okawaru
Qazlal
Ru
Sif Muna
Trog
Uskayaw
Vehumet
Wu Jian
Xom
Yredelemnul
Zin
The Shining One

Portals:
Trove: D:12 (show slimy rune of Zot)

Annotations:
D:6 2 transporters, GrimJard's ghost, novice FoFi
D:7 exclusion: downstairs
D:8 exclusion: downstairs
D:12 exclusion: 2 downstairs
D:13 Josephine


Innate Abilities, Weirdness & Mutations

((You are very nimble when in or above water. (Stealth+, EV+, Speed+++)))
Your lower body shifts to a powerful aquatic tail in water.


Message History

The entropy weaver hits you.
* * * LOW HITPOINT WARNING * * *
The wraith completely misses you.
The entropy weaver attacks as it pursues you!
The entropy weaver completely misses you.
The entropy weaver hits you!
* * * LOW HITPOINT WARNING * * *
The entropy weaver barely misses you. The entropy weaver closely misses you.
The entropy weaver completely misses you.
The entropy weaver hits you.
* * * LOW HITPOINT WARNING * * *
The entropy weaver completely misses you.
The entropy weaver misses you.
You enter a dispersal trap!
The wraith blinks!
The entropy weaver blinks!
The wraith blinks!
You blink.
The entropy weaver attacks as it pursues you!
The entropy weaver completely misses you. x2
The entropy weaver misses you. The entropy weaver hits you.
* * * LOW HITPOINT WARNING * * *
Casting: Ozocubu's Armour (safe; 1% risk of failure)
Confirm with . or Enter, or press ? or * to list all spells.
A film of ice covers your body! The entropy weaver barely misses you.
The entropy weaver hits you!
* * * LOW HITPOINT WARNING * * *
The entropy weaver hits you!
* * * LOW HITPOINT WARNING * * *
The entropy weaver closely misses you.
Okay, then.
Fire: I) +7 hand cannon "Mule" {flame, backblast, rF+}
Press: ? - help, Shift-Dir - straight line, f - entropy weaver
Aim: an entropy weaver (heavily wounded, haloed, 78% to hit)
You shoot a slug.
The slug hits the entropy weaver but does no damage.
The entropy weaver is heavily wounded.
The entropy weaver hits you.
* * * LOW HITPOINT WARNING * * *
The entropy weaver closely misses you.
The entropy weaver completely misses you.
The entropy weaver hits you!
You die...

##.......#..########.....#...
#...........## #.....#+##
###...........# #.........
#.##........#.######.####....
#..###........##.....####....
#..#.####.....##........(....
###.#######....#....######'##
#..#..#..###§.......######.##
#..#.)#.)#.#@B#..>..'......##
###.##.##.###.##....########
#..#..#).#..#.##...§#
#..#..#..#..'.##§§..#
#############.§..#### ######


You could see an entropy weaver.

Vanquished Creatures
  A vault guard (D:13)
  A hydra (D:10)
  3 two-headed ogres
  A boulder beetle (D:11)
  A centaur warrior (D:12)
  Sonja (D:12)
  3 skeletal warriors (D:12)
  Pikel (D:8)
  2 deep elf pyromancers (D:12)
  An ugly thing (D:8)
  3 manticores (D:12)
  4 cyclopes
  A rust devil (D:9)
  An elephant (D:9)
  2 gargoyles (D:11)
  2 unseen horrors (D:12)
  An orange demon (D:9)
  A komodo dragon (D:12)
  3 kobold demonologists (D:12)
  An ice devil (D:9)
  A tengu conjurer (D:13)
  A troll (D:10)
  3 hellwings (D:9)
  A raiju (shapeshifter) (D:12)
  4 slime creatures (D:12)
  A shadow (D:12)
  9 yaks
  6 wraiths
  2 wyverns
  2 basilisks
  2 chaos spawn (D:9)
  3 steam dragons
  An acid dragon (D:12)
  A swamp drake (D:11)
  Pargi (D:3)
  2 ice beasts
  6 orc warriors
  4 ogres
  4 centaurs
  3 phantoms
  3 lemures (D:8)
  7 bullfrogs
  2 scorpions
  4 wights (D:8)
  6 killer bees (D:10)
  An electric eel (D:6)
  2 howler monkeys
  3 bombardier beetles
  6 hounds
  7 orc priests
  2 jellies
  Ijyb (D:5)
  A gnoll bouda (D:5)
  4 iguanas
  4 sleepcaps
  18 orc wizards
  Robin (D:3)
  8 adders
  8 gnolls (D:5)
  A shadow imp (D:8)
  3 white imps
  6 dart slugs
  3 ribbon worms
  57 orcs
  8 ball pythons
  5 endoplasms
  8 goblins
  12 hobgoblins
  15 kobolds
  4 quokkas
  8 bats
  6 frilled lizards
  4 rats
319 creatures vanquished.

Notes
Turn   | Place    | Note
-------+----------+-------------------------------------------
     0 | D:1      | Autsider the Merfolk Ice Elementalist began the quest for
                  | the Orb.
     0 | D:1      | Reached XP level 1. HP: 13/13 MP: 3/3
   223 | D:1      | Reached XP level 2. HP: 19/19 MP: 3/5
   282 | D:1      | Reached skill level 5 in Ice Magic
  1000 | D:2      | Found a faded altar of an unknown god.
  1061 | D:2      | Identified the ring of Akauliosch {^Drain rN+ Will+ Int+5}
  1149 | D:2      | Reached XP level 3. HP: 22/24 MP: 4/6
  1168 | D:2      | Learned a level 3 spell: Frozen Ramparts
  1835 | D:2      | Reached XP level 4. HP: 30/30 MP: 7/7
  2072 | D:3      | Noticed Pargi
  2078 | D:3      | Learned a level 3 spell: Ozocubu's Armour
  2087 | D:3      | Killed Pargi
  2088 | D:3      | Reached XP level 5. HP: 25/35 MP: 1/9
  2286 | D:3      | Noticed Robin
  2291 | D:3      | Killed Robin
  2475 | D:3      | Reached XP level 6. HP: 42/42 MP: 10/10
  2880 | D:4      | Reached skill level 1 in Fighting
  3043 | D:4      | Reached XP level 7. HP: 48/49 MP: 10/12
  3151 | D:4      | Found a staircase to the Ecumenical Temple.
  3166 | Temple   | Entered the Ecumenical Temple
  3646 | D:4      | Found a glowing golden altar of the Shining One.
  3646 | D:4      | Found a white marble altar of Elyvilon.
  3842 | D:4      | Found a glowing silver altar of Zin.
  3910 | D:4      | Became a worshipper of the Shining One
  3953 | D:5      | Entered Level 5 of the Dungeon
  4133 | D:5      | Reached XP level 8. HP: 46/58 MP: 6/14
  4140 | D:5      | Reached skill level 5 in Dodging
  4498 | D:5      | Reached skill level 5 in Stealth
  4520 | D:5      | Noticed Ijyb
  4538 | D:5      | Killed Ijyb
  4841 | D:5      | Got the Secrets of Cobwebs
  4842 | D:5      | Noticed a wraith
  5051 | D:6      | Noticed a slime creature
  5055 | D:6      | Found a transporter.
  5059 | D:6      | Noticed GrimJard's ghost (novice FoFi)
  5317 | D:6      | Reached XP level 9. HP: 66/66 MP: 16/16
  5341 | D:6      | Reached skill level 5 in Spellcasting
  5390 | D:6      | Found the +7 hand cannon "Mule" {flame, backblast, rF+}
  5444 | D:6      | Found a sparkling altar of Nemelex Xobeh.
  5448 | D:6      | Found a snail-covered altar of Cheibriados.
  5482 | D:6      | Found a transporter.
  5569 | D:6      | Reached * piety under the Shining One
  5799 | D:7      | Reached skill level 5 in Fighting
  6272 | D:8      | Noticed a two-headed ogre
  6275 | D:8      | Identified a scroll of acquirement
  6276 | D:8      | Acquired the ring of the Prince {rElec rC+ Will+++ Str+3
                  | Int-2}
  6327 | D:8      | Noticed a white ugly thing
  6342 | D:8      | Killed a white ugly thing
  6451 | D:8      | Killed a two-headed ogre
  6452 | D:8      | Reached XP level 10. HP: 54/77 MP: 11/17
  6522 | D:8      | Reached skill level 10 in Ice Magic
  6822 | D:8      | Noticed Pikel
  6829 | D:8      | Killed Pikel
  6865 | D:8      | Reached ** piety under the Shining One
  6955 | D:9      | Noticed a rust devil
  6960 | D:9      | Killed a rust devil
  6961 | D:9      | Reached skill level 10 in Dodging
  7214 | D:9      | Noticed an elephant
  7221 | D:9      | Killed an elephant
  7270 | D:9      | Reached XP level 11. HP: 89/89 MP: 18/18
  7401 | D:9      | Reached *** piety under the Shining One
  7594 | D:9      | Noticed a four-headed hydra
  7598 | D:9      | Noticed a two-headed ogre
  7971 | D:10     | Entered Level 10 of the Dungeon
  7974 | D:10     | Reached skill level 10 in Fighting
  8003 | D:10     | Reached skill level 1 in Invocations
  8022 | D:10     | Reached skill level 1 in Ranged Weapons
  8099 | D:10     | Noticed a five-headed hydra
  8115 | D:10     | Killed a five-headed hydra
  8309 | D:10     | Found the +1 robe of Vines {NoPotionHeal Regen++++}
  8372 | D:10     | Found an opulent altar of Gozag.
  8669 | D:11     | Noticed a boulder beetle
  8686 | D:11     | Killed a boulder beetle
  8755 | D:11     | Identified the +6 dagger "Merfolk's Peril" {freeze, rPois
                  | rF- Dex+2}
  8762 | D:11     | Reached skill level 5 in Invocations
  8794 | D:11     | Noticed a two-headed ogre
  8797 | D:11     | Killed a two-headed ogre
  8839 | D:11     | Found a staircase to the Orcish Mines.
  9306 | D:12     | Reached **** piety under the Shining One
  9307 | D:12     | Found a shadowy altar of Dithmenos.
  9324 | D:12     | Reached XP level 12. HP: 97/97 MP: 19/19
  9531 | D:12     | Reached skill level 10 in Invocations
  9531 | D:12     | Reached skill level 1 in Shields
  9890 | D:12     | Noticed a centaur warrior
  9901 | D:12     | Killed a centaur warrior
 10095 | D:12     | Noticed a two-headed ogre
 10102 | D:12     | Killed a two-headed ogre
 10193 | D:12     | Found a portal to a secret trove of treasure.
 10303 | D:13     | Noticed Sonja
 10315 | D:12     | Killed Sonja
 10316 | D:12     | Reached XP level 13. HP: 90/106 MP: 20/20
 10467 | D:13     | Reached skill level 5 in Shields
 10573 | D:13     | Noticed Josephine
 10573 | D:13     | Reached ***** piety under the Shining One
 10577 | D:13     | Noticed a vault guard
 10580 | D:13     | Noticed an entropy weaver
 10586 | D:13     | Killed a vault guard
 10603 | D:12     | HP: 3/106 [entropy weaver (14)]
 10604 | D:12     | Slain by an entropy weaver

Illustrated notes

Levels and vault maps discovered:
D:1:      nzn_arrival_depleted_hourglass, layout_basic
D:2:      layout_loops_cross, hellmonk_ecumenical_altar_arch_garden
D:3:      layout_loops_ring, uniq_pargi, uniq_robin
D:4:      layout_cave_pools, dreamdust_divine_triumvirate,
          minmay_temple_entry_statues_pillars, grunt_ministairs_2
D:5:      layout_loops_ring, lightli_corner_chamber, uniq_ijyb
D:6:      layout_rooms, nicolae_overflow_squiral, gammafunk_ghost_arena,
          roderic_roman_lattice
D:7:      layout_basic
D:8:      layout_basic, chequers_hall_statues_corner_a, uniq_pikel
D:9:      layout_cave_pods, grunt_lair_entry_orc_guard_hut, serial_demonic,
          serial_demonic_d, serial_demonic_b, serial_demonic_g,
          serial_demonic_a, serial_demonic_g, serial_demonic_d,
          serial_demonic_d, minmay_fractal_squares_gapless_7
D:10:     layout_roguey, mainiacjoe_overflow_chevrons,
          hellmonk_guarded_unrand_vines
D:11:     layout_rooms, erik_orc_1
D:12:     minmay_s_stair_smasher, layout_basic, trove_entry_hex_spiral,
          grunt_dithmenos_smoke
D:13:     layout_cave_pools, hellmonk_vaults_order_and_chaos,
          ebering_ghost_inner_flame, nicolae_shop_i_like_big_books, uniq_sonja,
          uniq_josephine
Temple:   kb_temple_of_zot

Skill      XL: |  1  2  3  4  5  6  7  8  9 10 11 12 13 |
---------------+----------------------------------------+-----
Ice Magic      | 5 6 7 8 9 11 12 | 12.0
Spellcasting   | 3 4 5 |  5.0
Dodging        | 3 4 6 9 10 11 12 | 12.0
Fighting       | 1 3 4 6 9 10 11 | 11.5
Stealth        | 3 4 5 6 |  6.0
Invocations    | 7 10 | 10.0
Ranged Weapons | 4 |  4.0
Shields        | 4 5 |  5.2

Action                     |  1- 3 |  4- 6 |  7- 9 | 10-12 | 13-15 || total
---------------------------+-------+-------+-------+-------+-------++-------
  Melee: Short sword       |    49 |       |       |       |       ||    49
         Dagger            |     4 |   132 |   189 |     7 |       ||   332
         Tailslap          |       |       |     1 |       |       ||     1
   Fire: Hand cannon       |       |       |    66 |   341 |    27 ||   434
   Cast: Freeze            |    37 |       |       |       |       ||    37
         Frozen Ramparts   |     2 |     6 |    28 |    25 |     1 ||    62
         Ozocubu's Armour  |       |     5 |    14 |    17 |     2 ||    38
    Use: Scroll            |     1 |       |    12 |    10 |       ||    23
   Stab: Sleeping          |     3 |     7 |     2 |       |       ||    12
         Distracted        |       |       |     1 |       |       ||     1
 Armour: Robe              |    12 |       |       |   165 |    31 ||   208
         Leather armour    |    28 |    19 |       |       |       ||    47
         Troll leather arm |       |    48 |   141 |    83 |       ||   272
  Dodge: Dodged            |    57 |    56 |   151 |   247 |    56 ||   567

Table legend: (Time is in decaauts)
 A = Elapsed time spent in this place.
 B = Non-inter-level travel time spent in this place.
 C = Inter-level travel time spent in this place.
 D = Time resting spent in this place.
 E = Time spent auto-exploring this place.
 F = Levels seen in this place.
 G = Mean time per level.
                   A        B        C        D        E       F      G
               +--------+--------+--------+--------+--------+-----+--------+
         Total |  10951 |  10229 |    722 |    280 |   7261 |  14 |  782.2 |
       Dungeon |  10888 |  10219 |    669 |    280 |   7261 |  13 |  837.5 |
        Temple |     62 |      9 |     53 |      0 |      0 |   1 |   62.0 |
               +--------+--------+--------+--------+--------+-----+--------+

Top non-repeatable levels by time:
    D:12: 1287 daAuts
     D:4: 1099 daAuts
     D:5: 1092 daAuts
     D:9: 998 daAuts
     D:1: 952 daAuts
     D:2: 945 daAuts
     D:3: 884 daAuts
     D:8: 817 daAuts
    D:11: 775 daAuts
     D:6: 651 daAuts
     D:7: 623 daAuts
    D:10: 557 daAuts
    D:13: 202 daAuts
  Temple: 62 daAuts
